 Dungeon Sprint DCSS version 0.18.1-48-g4cf74bf (webtiles) character file.

246 Iaoel the Thrower (level 5, -4/38 HPs)
             Began as a High Elf Hunter on Sept 8, 2016.
             Was an Initiate of Elyvilon.
             Slain by a yak (9 damage)
             ... in the Dungeon (Sprint V: "Ziggurat Sprint").
             The game lasted 00:10:38 (344 turns).

Iaoel the Thrower (High Elf Hunter)                  Turns: 344, Time: 00:10:39

Health: -4/38      AC: 26    Str: 12    XL:     5   Next: 84%
Magic:  6/6        EV:  4    Int: 14    God:    Elyvilon [......]
Gold:   0          SH:  0    Dex: 22    Spells: 0 memorised, 4 levels left

rFire  + . .     SeeInvis +     K - +14 plutonium sword {*Contam Stlth-}
rCold  . . .     Gourm    .     M - +15 Maxwell's patent armour {-Cast -Tele rElec MR+ rCorr}
rNeg   . . .     Faith    .     (shield currently unavailable)
rPois  .         Spirit   .     (no helmet)
rElec  +         Dismiss  .     (no cloak)
rCorr  +         Reflect  .     (no gloves)
SustAt .         Harm     .     (no boots)
MR     ++...     NoTele   +     (no amulet)
Stlth  .......... NoCast   +    o - ring "Leyc" {Fragile rF+ MR+ SInv}
                                E - +6 ring of dexterity

@: studying Stealth, very resistant to hostile enchantments, extremely
unstealthy
A: no striking features
a: Renounce Religion


You were in the Dungeon.
You worshipped Elyvilon.
Elyvilon was noncommittal.
You were not hungry.

You visited 1 branch

Inventory:

Hand Weapons
 K - the +14 plutonium sword (weapon) {*Contam Stlth-}
   (You found it in the Dungeon)

   It causes magical contamination when unequipped.
   It makes you less stealthy.
 L - the +9 heavy crossbow "Sniper" {velocity, nevermiss, SInv}
   (You found it in the Dungeon)

   Any bolt fired from it inflicts extra damage.
   It lets you see invisible.
Missiles
 a - 996 bolts
 c - 6 javelins (quivered)
 d - 2 throwing nets
Armour
 b - a +0 leather armour
 M - the +15 Maxwell's patent armour (worn) {-Cast -Tele rElec MR+ rCorr}
   (You found it in the Dungeon)

   It insulates you from electricity.
   It affects your resistance to hostile enchantments.
   It prevents spellcasting.
   It prevents most forms of teleportation.
   It protects you from acid and corrosion.
Jewellery
 o - the ring "Leyc" (right hand) {Fragile rF+ MR+ SInv}
   (You found it in the Dungeon)

   [ring of protection from fire]

   It protects you from fire.
   It affects your resistance to hostile enchantments.
   It lets you see invisible.
   It will be destroyed if unequipped.
 E - a +6 ring of dexterity (left hand)
 F - a +6 ring of dexterity
 G - a +6 ring of intelligence
 H - a +6 ring of intelligence
 I - a +6 ring of strength
 J - a +6 ring of strength
Wands
 y - a wand of disintegration (7/24)
 B - a wand of iceblast (5/15)
 C - a wand of lightning (5/15)
 D - a wand of acid (5/15)
Scrolls
 k - 4 scrolls of blinking
 r - 4 scrolls of amnesia
 s - 3 scrolls of recharging
 t - 7 scrolls of fog
 u - a scroll of holy word
 v - 5 scrolls of identify
 w - 5 scrolls of remove curse
 x - 2 scrolls of fear
Potions
 e - 10 potions of curing
 g - 10 potions of heal wounds
 h - 6 potions of haste
 i - 7 potions of magic
 j - 3 potions of berserk rage
 l - 2 potions of brilliance
 m - 2 potions of invisibility
 n - 4 potions of resistance
 p - 5 potions of agility
 q - 5 potions of might
Books
 N - a manual of Stealth
Comestibles
 f - 5 bread rations
 z - 42 fruits
 A - 4 meat rations


   Skills:
 + Level 4.7 Fighting
 + Level 5.5 Crossbows
 + Level 9.8 Throwing
 + Level 3.1 Armour
 + Level 3.8 Dodging
 + Level 4.0 Stealth


You had 4 spell levels left.
You didn't know any spells.

Dungeon Overview and Level Annotations

Branches:
Dungeon (1/1)

Altars:
Ashenzari
Cheibriados
Dithmenos
Elyvilon
Fedhas
Gozag
Kikubaaqudgha
Makhleb
Nemelex Xobeh
Okawaru
Pakellas
Qazlal
Ru
Sif Muna
Trog
Vehumet
Xom
Yredelemnul
Zin
The Shining One
Beogh
Jiyva
Lugonu


Message History

You slice the sheep!!
You kill the sheep!
The yak gores you. x2
You completely miss the yak. The yak gores you! x2
You slash the yak!
The yak is moderately wounded.
The yak gores you but does no damage. x2
You slash the yak!
The yak is severely wounded.
The yak gores you but does no damage. The yak gores you.
* * * LOW HITPOINT WARNING * * *
You hit the yak.
The yak is severely wounded.
The yak gores you but does no damage.
You slash the yak!
The yak is almost dead.
The yak gores you.
* * * LOW HITPOINT WARNING * * *
The yak gores you!
You die...

▓▓▓▓▓▓▓▓▓▓▓▓▓▓▓▓▓▓▓
▓.8©8.▓.8©8.▓.8©8.▓
▓.=)|.▓...[.▓.....▓
▓..[..▓.....▓.[.:.▓
▓.....▓.....▓.....▓
▓.....▓.....▓.....▓
▓.Y(..▓.....▓.....▓
▓..@..▓.....▓▓▓▓▓▓▓
▓▓▓▓▓▓▓▓▓▓▓▓▓


You could see a yak.

Vanquished Creatures
  A hell hound (D)
  A giant frog (D)
  An iron imp (D)
  A sheep (D)
  A mummy (D)
  An ufetubus (D)
  A jackal (D)
  A jackal zombie (D)
8 creatures vanquished.

Notes
Turn   | Place    | Note
--------------------------------------------------------------
     0 | D        | Iaoel the High Elf Hunter began the quest for the Orb.
     0 | D        | Reached XP level 1. HP: 14/14 MP: 2/2
     0 | D        | Found a roughly hewn altar of Beogh.
     0 | D        | Found a viscous altar of Jiyva.
     0 | D        | Found a corrupted altar of Lugonu.
     0 | D        | Found a white marble altar of Elyvilon.
     0 | D        | Found a sparkling altar of Nemelex Xobeh.
     0 | D        | Found a burning altar of Makhleb.
     0 | D        | Found an iron altar of Okawaru.
     0 | D        | Found a deep blue altar of Sif Muna.
     0 | D        | Found a radiant altar of Vehumet.
     0 | D        | Found a bloodstained altar of Trog.
     0 | D        | Found a shimmering altar of Xom.
    94 | D        | Became a worshipper of Elyvilon the Healer
   110 | D        | Reached XP level 2. HP: 22/22 MP: 3/3
   111 | D        | Entered arena 1.
   119 | D        | Identified the Compendium of the Dark Escort (You found it in the Dungeon)
   124 | D        | Entered arena 2.
   124 | D        | Noticed a hell hound
   127 | D        | Killed a hell hound
   127 | D        | Reached skill level 8 in Throwing
   127 | D        | Reached XP level 3. HP: 16/27 MP: 4/4
   127 | D        | Reached XP level 4. HP: 19/33 MP: 5/5
   129 | D        | Reached skill level 5 in Crossbows
   129 | D        | Reached XP level 5. HP: 13/38 MP: 6/6
   140 | D        | Got the ring "Leyc" {Fragile rF+ MR+ SInv}
   334 | D        | Entered arena 3.
   334 | D        | Noticed a yak
   337 | D        | Reached skill level 9 in Throwing
   344 | D        | Slain by a yak

Skill      XL: |  1  2  3  4  5 |
---------------+----------------+-----
Fighting       | 3 4 |  4.7
Crossbows      | 4 5 |  5.5
Armour         | 2 3 |  3.1
Stealth        | 4 |  4.0
Throwing       | 8 9 |  9.8
Dodging        | 3 |  3.8

Action                   |  1- 3 |  4- 6 || total
-------------------------+-------+-------++-------
Melee: Triple sword      |       |     6 ||     6
 Fire: Heavy crossbow    |     7 |     6 ||    13
  Use: Potion            |     1 |       ||     1
Armor: Plate armour      |     7 |    36 ||    43
Dodge: Dodged            |     3 |     7 ||    10
